 Dungeon Crawl Stone Soup version 0.31-a0-236-g9a0961fb85 (webtiles) character file.

Game seed: 6042307836662272688

13 stevil the Cutter (level 2, -2/1 (25) HPs)
             Began as a Hill Orc Reaver on July 10, 2023.
             Slain by a rat (3 damage)
             ... on level 1 of the Dungeon.
             The game lasted 00:16:23 (839 turns).

stevil the Cutter (Hill Orc Reaver)                  Turns: 839, Time: 00:16:23

HP:   -2/1 (25)     AC:  5    Str: 14    XL:     2   Next: 37%
MP:   4/4           EV: 10    Int: 13    God:
Gold: 14            SH:  0    Dex:  9    Spells: 3/4 levels left

rFire   . . .        a - +0 short sword
rCold   . . .        (no shield)
rNeg    . . .        f - +0 ring mail
rPois   .            (no helmet)
rElec   .            (no cloak)
rCorr   .            (no gloves)
SInv    .            (no boots)
Will    .....        (no amulet) Stlth
                     (no ring)
HPRegen 0.20/turn    (no ring)
MPRegen 0.09/turn

%: no passive effects
@: extremely drained
A: no striking features
a: no special abilities


You were on level 1 of the Dungeon.
You visited 1 branch of the dungeon, and saw 1 of its levels.

You collected 14 gold pieces.

Inventory:

Hand Weapons
 a - a +0 short sword (weapon)
Missiles
 d - 5 stones
Armour
 b - a +0 leather armour
 f - a +0 ring mail (worn)
Scrolls
 c - a scroll of identify {unknown}
 e - a scroll of immolation {unknown}
Potions
 g - a potion of degeneration {unknown}


   Skills:
 + Level 2.5 Fighting
 + Level 3.2 Short Blades
 + Level 1.7 Dodging
 + Level 1.6 Spellcasting
 + Level 3.2 Conjurations


You had 3 spell levels left.
You knew the following spells:

 Your Spells              Type           Power      Damage    Failure   Level
a - Kiss of Death         Conj/Necr      20%        2d7       28%         1

Your spell library contained the following spells:

 Spells                   Type           Power      Damage    Failure   Level
 Momentum Strike          Conj/Tloc      10%        3d8       38%         2
 Hailstorm                Conj/Ice       5%         3d4       63%         3


Dungeon Overview and Level Annotations

Branches:
Dungeon (1/15)

Altars:


Message History

The goblin shouts!
You see here 14 gold pieces.
You miss the goblin. The goblin hits you with a +0 club.
Aiming: Kiss of Death (safe; 28% risk of failure)
Press: ? - help, Q - select action, (/) - cycle Shift-Dir - straight line, f - goblin
Aim: a goblin, wielding a +0 club (100% to hit)
You miscast Kiss of Death.
You are very lightly contaminated with residual magic.
Nothing appears to happen.
The goblin hits you but does no damage.
Aiming: Kiss of Death (safe; 28% risk of failure)
Press: ? - help, Q - select action, (/) - cycle Shift-Dir - straight line, f/p - goblin
Aim: a goblin, wielding a +0 club (100% to hit)
The negative energy hits the goblin!
The goblin is drained!
You kill the goblin!
You feel drained.
You see here a +0 club.
Your magical contamination has completely faded away.
You see here a +0 club.
Things that are here:
a +0 club; a goblin corpse You now have 14 gold pieces.
A ball python comes into view.
The ball python hisses angrily.
The ball python bites you. The ball python grabs you.
The ball python constricts you.
Aiming: Kiss of Death (safe; 28% risk of failure)
Press: ? - help, Q - select action, (/) - cycle Shift-Dir - straight line, f - ball python
Aim: a ball python (constricting you, 100% to hit)
The negative energy hits the ball python!
The ball python is drained!
You kill the ball python!
You feel drained.
Found a robe.
You see here a ball python corpse.
Found a bubbling coppery potion.
A rat comes into view.
You barely miss the rat. The rat bites you.
Ouch! That really hurt!
You die...

..# ####..### ### #........
#!. ......... ## #.#
#........ #....... #.#
#........ #....... #.#
#r....... #....... #.#
#@.....# #.......
#######.###.##.#.## #.......
................... +.......
#######.########.## #.......
######........#.####.......
.........#####.#............
########..####.######.######
#.........# #.#.....
#.#####[.#######.#.####


You could see a rat.

Vanquished Creatures
  A ball python (D:1)
  An endoplasm (D:1)
  2 goblins (D:1)
  3 kobolds (D:1)
  A quokka (D:1)
  A bat (D:1)
  3 frilled lizards (D:1)
12 creatures vanquished.

Notes
Turn   | Place    | Note
-------+----------+-------------------------------------------
     0 | D:1      | stevil the Hill Orc Reaver began the quest for the Orb.
     0 | D:1      | Reached XP level 1. HP: 18/18 MP: 3/3
   411 | D:1      | Reached XP level 2. HP: 7/15 MP: 2/4
   839 | D:1      | Slain by a rat

Illustrated notes

Levels and vault maps discovered:
D:1:      sevenhm_arrival_forest_fort_small_4, layout_basic

Action                     || total
---------------------------++-------
  Melee: Short sword       ||    56
         Punch             ||     2
   Cast: Kiss of Death     ||     7
 Armour: Ring mail         ||     9
         Leather armour    ||     4
  Dodge: Dodged            ||    21

Table legend: (Time is in decaauts)
 A = Elapsed time spent in this place.
 B = Non-inter-level travel time spent in this place.
 C = Inter-level travel time spent in this place.
 D = Time resting spent in this place.
 E = Time spent auto-exploring this place.
 F = Levels seen in this place.
 G = Mean time per level.
                   A        B        C        D        E       F      G
               +--------+--------+--------+--------+--------+-----+--------+
         Total |    838 |    838 |      0 |      0 |      0 |   1 |  838.0 |
       Dungeon |    838 |    838 |      0 |      0 |      0 |   1 |  838.0 |
               +--------+--------+--------+--------+--------+-----+--------+

Top non-repeatable levels by time:
     D:1: 838 daAuts
